 Dungeon Crawl Stone Soup version 0.24-a0-7-g1bb0902669 (webtiles) character file.

Game seed: 13526037873390387325

1878 Infinimo the Arsonist (level 9, -5/68 HPs)
             Began as a Hill Orc Fire Elementalist on Jan 31, 2019.
             Was an Initiate of Vehumet.
             Slain by a bullfrog (8 damage)
             ... on level 7 of the Dungeon.
             The game lasted 00:11:33 (7142 turns).

Infinimo the Arsonist (Hill Orc Fire Elementalist)  Turns: 7142, Time: 00:11:34

Health: -5/68      AC:  5    Str: 11    XL:     9   Next: 14%
Magic:  5/5        EV: 11    Int: 16    God:    Vehumet [......]
Gold:   291        SH:  0    Dex: 11    Spells: 8/16 levels left

rFire    + + .     SeeInvis +   f - +8 scimitar "Glorpo" {antimagic, rElec rF+ MR++ Int-2}
rCold    x . .     Gourm    .   (no shield)
rNeg     . . .     Faith    .   a - +0 robe
rPois    .         Spirit   .   D - +1 helmet
rElec    +         Reflect  .   (no cloak)
rCorr    .         Harm     .   (no gloves)
MR       ++...                  n - +0 pair of boots
Stlth    +.........             (no amulet)
HPRegen  0.21/turn              b - ring of fire
MPRegen  0.09/turn              q - ring of see invisible

@: lethally poisoned (-5 -> -10), starving, drained
A: robust 1, screaming 1
a: Renounce Religion


You were on level 7 of the Dungeon.
You worshipped Vehumet.
Vehumet was noncommittal.
You were starving.

You visited 1 branch of the dungeon, and saw 7 of its levels.

You collected 291 gold pieces.

Inventory:

Hand Weapons
 f - the +8 scimitar "Glorpo" (weapon) {antimagic, rElec rF+ MR++ Int-2}
   (You took it off an orc on level 4 of the Dungeon)

   It reduces the magical energy of the wielder, and disrupts the spells and
   magical abilities of those hit.
   Natural abilities and divine invocations are not affected.
   It affects your intelligence (-2).
   It protects you from fire.
   It insulates you from electricity.
   It affects your resistance to hostile enchantments.
Armour
 a - a +0 robe (worn)
 n - a +0 pair of boots (worn)
 D - a +1 helmet (worn)
Jewellery
 b - a ring of fire (left hand)
 q - a ring of see invisible (right hand)
 x - a +3 ring of dexterity
Wands
 u - a wand of acid (7)
 y - a wand of scattershot (5)
Scrolls
 d - a scroll of blinking
 i - a scroll of enchant armour
 w - a scroll of teleportation
 z - 2 scrolls of remove curse
Potions
 g - a potion of curing
 j - a potion of flight
 m - a potion of berserk rage
 p - a potion of magic {unknown}
 r - a potion of invisibility {unknown}
 t - 2 potions of might
 A - 3 potions of degeneration
 B - a potion of heal wounds {unknown}
Comestibles
 c - 9 rations


   Skills:
 - Level 1.5(0.9) Dodging
 - Level 1.5(0.9) Stealth
 + Level 4.2(3.5) Spellcasting
 * Level 7.3(6.6) Conjurations
 * Level 8.7(7.9) Fire Magic


You had 8 spell levels left.
You knew the following spells:

 Your Spells              Type           Power        Failure   Level  Hunger
a - Flame Tongue          Conj/Fire      #####        1%          1    None
b - Conjure Flame         Conj/Fire      #####...     2%          3    ###....
c - Sticky Flame          Conj/Fire      #####...     9%          4    ####...

Your spell library contained the following spells:

 Spells                   Type           Power        Failure   Level  Hunger
 Magic Dart               Conj           ###.         1%          1    None
 Throw Flame              Conj/Fire      #####.       1%          2    ##.....
 Inner Flame              Hex/Fire       ###.....     11%         3    ###....
 Dazzling Spray           Conj/Hex       ##....       14%         3    ###....
 Corona                   Hex            #......      19%         1    None
 Summon Small Mammal      Summ           #...         19%         1    None
 Mephitic Cloud           Conj/Pois/Air  #.......     22%         3    ###....
 Fireball                 Conj/Fire      #####.....   24%         5    ######.
 Blink                    Tloc           N/A          26%         2    ##.....
 Call Imp                 Summ           #.......     26%         2    ##.....
 Ensorcelled Hibernation  Hex/Ice        #.....       26%         2    ##.....
 Slow                     Hex            #.......     26%         2    ##.....
 Call Canine Familiar     Summ           #.......     47%         3    ###....
 Confuse                  Hex            #.......     47%         3    ###....
 Summon Guardian Golem    Hex/Summ       #.......     47%         3    ###....
 Tukima's Dance           Hex            #.......     47%         3    ###....
 Summon Ice Beast         Ice/Summ       #.......     87%         4    ####...
 Summon Lightning Spire   Summ/Air       #.......     87%         4    ####...


Dungeon Overview and Level Annotations

Branches:
Dungeon (7/15)
 Temple: D:4-7

Altars:
Qazlal
Vehumet


Innate Abilities, Weirdness & Mutations

You are robust. (+10% HP)
You occasionally shout uncontrollably at your foes.


Message History

A killer bee comes into view.
The bullfrog hits you.
The wight hits you with a cursed +0 falchion.
The centaur shoots an arrow.
The arrow hits the bullfrog.
You riposte.
The killer bee buzzes angrily.
The killer bee stings you!
You are poisoned.
The killer bee poisons you!
You hear an angry buzzing noise.
There is a stone staircase leading up, spattered with blood here.
You see here 4 arrows.
You are starving!
You feel sick. The bullfrog hits you! The killer bee stings you!
* * * LOW HITPOINT WARNING * * *
The wight hits you with a cursed +4 battleaxe!
* * * LOW HITPOINT WARNING * * *
You feel drained.
* * * LOW HITPOINT WARNING * * *
The bullfrog hits you!
You die...

##################
#........##.>.....
#.............## #.. .
#........#.....#.... ...
#..........(........
F...#######.##รท...........
#..y..##...###yF.........
#....<(..y..z@z....#....
####..#.#####cz.........
#.....# #........#...
#.z.....y............
................#...
...z.##<.............
###....#..........#...
#.#................


You could see a bullfrog, a centaur, 3 killer bees and 3 wights.

Vanquished Creatures
  A hungry ghost (D:6)
  Edmund (D:5)
  3 sky beasts
  A black bear (D:7)
  A necrophage (D:7)
  2 orc warriors
  An ogre (D:4)
  A centaur (D:5)
  Blork the orc (D:4)
  A bullfrog (D:7)
  A scorpion (D:4)
  A killer bee (D:6)
  2 crimson imps
  A hound (D:6)
  A centaur skeleton (D:5)
  Ijyb (D:5)
  7 orc wizards
  2 worker ants
  Terence (D:2)
  A gnoll (D:1)
  A howler monkey skeleton (D:5)
  6 adders
  A shadow imp (D:5)
  An adder skeleton (D:5)
  An adder zombie (D:6)
  7 dart slugs
  2 leopard geckos
  10 orcs
  4 giant cockroaches
  8 goblins
  5 hobgoblins
  2 jackals (D:2)
  3 kobolds
  3 quokkas
  A ball python (D:2)
  A ball python skeleton (D:5)
  5 bats
  5 frilled lizards
  A leopard gecko skeleton (D:4)
  A leopard gecko zombie (D:6)
  A quokka skeleton (D:5)
  4 rats
104 creatures vanquished.

Notes
Turn   | Place    | Note
-------+----------+-------------------------------------------
     0 | D:1      | Infinimo the Hill Orc Fire Elementalist began the quest for
                  | the Orb.
     0 | D:1      | Reached XP level 1. HP: 14/14 MP: 3/3
   144 | D:1      | Reached XP level 2. HP: 19/20 MP: 0/4
   352 | D:1      | Reached XP level 3. HP: 26/26 MP: 5/5
   956 | D:2      | Reached skill level 4 in Fire Magic
  1036 | D:2      | Noticed Terence
  1383 | D:2      | Reached XP level 4. HP: 28/33 MP: 4/6
  1838 | D:2      | Killed Terence
  2585 | D:3      | Learned a level 3 spell: Conjure Flame
  2604 | D:3      | Found a stormy altar of Qazlal.
  2780 | D:4      | Reached XP level 5. HP: 38/38 MP: 3/8
  2845 | D:4      | Noticed an ogre
  2872 | D:4      | Killed an ogre
  2872 | D:4      | Reached skill level 5 in Fire Magic
  2950 | D:4      | Reached XP level 6. HP: 45/45 MP: 4/9
  3015 | D:4      | Identified the +8 scimitar "Glorpo" {antimagic, rElec rF+
                  | MR++ Int-2}
  3281 | D:4      | Noticed Blork the orc
  3281 | D:4      | Noticed Edmund
  3363 | D:5      | Entered Level 5 of the Dungeon
  3373 | D:5      | Killed Edmund
  3597 | D:5      | Reached skill level 6 in Fire Magic
  3597 | D:5      | Reached XP level 7. HP: 23/50 MP: 3/11
  3875 | D:5      | Reached skill level 5 in Conjurations
  4045 | D:5      | Noticed Ijyb
  4053 | D:5      | Killed Ijyb
  4650 | D:4      | Killed Blork the orc
  4650 | D:4      | Reached XP level 8. HP: 39/57 MP: 1/12
  4973 | D:5      | You fall through a shaft!
  4988 | D:5      | Learned a level 4 spell: Sticky Flame
  5151 | D:6      | Reached skill level 7 in Fire Magic
  6377 | D:6      | Found a radiant altar of Vehumet.
  6438 | D:6      | Became a worshipper of Vehumet
  6542 | D:6      | Gained mutation: You occasionally shout uncontrollably at
                  | your foes. [potion of mutation]
  6542 | D:6      | Gained mutation: You are robust. (+10% HP) [potion of
                  | mutation]
  6575 | D:6      | Reached skill level 8 in Fire Magic
  6673 | D:7      | Reached XP level 9. HP: 67/68 MP: 0/15
  7142 | D:7      | HP: 3/68 [wight/cursed +4 battleaxe (4)]
  7142 | D:7      | Slain by a bullfrog

Vault maps used:
D:1:      dpeg_arrival_erosion
D:2:      uniq_terence
D:3:      nicolae_qazlal_general_emergency
D:4:      first_ration, solitary_fountain, uniq_blork_the_orc, uniq_edmund
D:5:      uniq_ijyb
D:6:      vehumet_altar_wand_db
D:7:      lemuel_slime, minmay_temple_entry_sparse_star, lemuel_another_geyser

Skill      XL: |  1  2  3  4  5  6  7  8 |
---------------+-------------------------+-----
Conjurations   | 2 3 4 5 7 |  7.3
Fire Magic     | 4 5 6 8 |  8.7
Spellcasting   | 2 3 4 |  4.2
Dodging        | |  1.5
Stealth        | |  1.5

Action                   |  1- 3 |  4- 6 |  7- 9 || total
-------------------------+-------+-------+-------++-------
Melee: Unarmed           |     3 |       |       ||     3
       Whip              |    68 |    15 |       ||    83
       Scimitar          |       |    12 |   114 ||   126
       Dagger            |       |     2 |       ||     2
 Cast: Flame Tongue      |    24 |    68 |    31 ||   123
       Conjure Flame     |       |     1 |       ||     1
       Sticky Flame      |       |       |     8 ||     8
  Use: Scroll            |       |       |    14 ||    14
       Potion            |       |       |     1 ||     1
 Stab: Sleeping          |     1 |       |       ||     1
  Eat: Chunk             |     2 |     3 |     7 ||    12
       Ration            |       |     1 |     2 ||     3
Armor: Robe              |    20 |    15 |    44 ||    79
Dodge: Dodged            |    51 |    45 |   101 ||   197
       Rpst.: Scimitar   |       |     5 |    30 ||    35

Table legend:
 A = Non-vault XP
 B = Vault XP
 C = Vault XP percentage of total XP
 D = Non-vault monster count
 E = Vault monster count
 F = Vault count percentage of total count
                 A         B        C        D         E       F
            +---------+---------+-------+---------+---------+-------
      Total |    2339 |     345 |  12.9 |      99 |       5 |   4.8
            +---------+---------+-------+---------+---------+-------
        D:1 |      53 |       0 |   0.0 |      20 |       0 |   0.0
        D:2 |      66 |      32 |  32.7 |      22 |       1 |   4.3
        D:3 |       9 |       0 |   0.0 |       5 |       0 |   0.0
        D:4 |     348 |      99 |  22.1 |      15 |       1 |   6.2
        D:5 |     566 |     212 |  27.2 |      15 |       2 |  11.8
        D:6 |     806 |       2 |   0.2 |      16 |       1 |   5.9
        D:7 |     491 |       0 |   0.0 |       6 |       0 |   0.0
            +---------+---------+-------+---------+---------+-------
